 Dungeon Crawl Stone Soup version 0.29.1-1-gd02db6906a (webtiles) character file.

Game seed: 122098425439533535

98518 Gabide the Imperceptible (level 16, -1/159 HPs)
             Began as a Naga Monk on Sept 28, 2022.
             Was the Champion of Dithmenos.
             Slain by a boulder beetle (44 damage)
             ... summoned by an orange crystal statue
             ... on level 13 of the Dungeon on Sept 29, 2022.
             The game lasted 01:20:31 (28082 turns).

Gabide the Imperceptible (Naga Monk)               Turns: 28082, Time: 01:20:35

Health: -1/159     AC: 33    Str: 17      XL:     16   Next: 22%
Magic:  22/26      EV: 18    Int: 10 (12) God:    Dithmenos [******]
Gold:   148        SH:  0    Dex: 21      Spells: 15/15 levels left

rFire   . . .      SeeInvis +   b - +8 long sword "Ciheunky" {flame, Fly rC+}
rCold   + . .      Faith    .   (no shield)
rNeg    + + +      Spirit   .   j - +3 ring mail "Tionakhle" {rC+ Slay+5}
rPois   +          Reflect  .   Q - +3 hat of Pondering {ponderous, Will+ MP+10 Int+5}
rElec   .          Harm     .   k - +2 cloak
rCorr   .          Rampage  .   P - +2 pair of gloves
Will    +++..                   r - +3 barding "Ussilo" {rC- rN+++ Str+3 Int-4} Stlth ****++++++
                                Y - amulet of regeneration
HPRegen 1.16/turn               e - +4 ring of protection
MPRegen 0.20/turn               S - +4 ring of evasion

@: flying, hasted, wreathed by umbra
A: AC +5, large, see invisible, deformed body, poison resistance, slowness 2,
spit poison 1, naga tail 2
a: Spit Poison, Renounce Religion, Shadow Step, Shadow Form


You were on level 13 of the Dungeon.
You worshipped Dithmenos.
Dithmenos was exalted by your worship.
You visited 4 branches of the dungeon, and saw 21 of its levels.

You collected 1998 gold pieces.
You spent 1850 gold pieces at shops.

Inventory:

Hand Weapons
 a - a +1 short sword of electrocution
 b - the +8 long sword "Ciheunky" (weapon) {flame, Fly rC+}
   (You took it off an orc on level 12 of the Dungeon)

   It burns those it strikes, dealing additional fire damage.
   Big, fiery blades are also staple armaments of hydra-hunters.
   rC:        It protects you from cold.
   Fly:       It grants you flight.
 R - a +2 shortbow of flaming
 X - a +2 double sword of flaming
Missiles
 p - 4 throwing nets
 K - 11 curare-tipped darts
Armour
 j - the +3 ring mail "Tionakhle" (worn) {rC+ Slay+5}
   (You bought it in a shop on level 1 of the Orcish Mines)

   Slay:      It affects your accuracy & damage with ranged weapons and melee
   (+5).
   rC:        It protects you from cold.
 k - a +2 cloak (worn)
 r - the +3 barding "Ussilo" (worn) {rC- rN+++ Str+3 Int-4}
   (You acquired it on level 11 of the Dungeon)

   Str:       It affects your strength (+3).
   Int:       It affects your intelligence (-4).
   rC:        It makes you vulnerable to cold.
   rN:        It renders you almost immune to negative energy.
 w - a +0 troll leather armour
 C - a +1 helmet
 P - a +2 pair of gloves (worn)
 Q - the +3 hat of Pondering (worn) {ponderous, Will+ MP+10 Int+5}
   (You bought it in a shop on level 2 of the Orcish Mines)

   Int:       It affects your intelligence (+5).
   MP:        It affects your magic capacity (+10).
   Will:      It increases your willpower.
 Z - a +2 barding
Jewellery
 c - a +6 ring of dexterity
 e - a +4 ring of protection (left hand)
 y - a ring of flight
 N - a ring of ice
 S - a +4 ring of evasion (right hand)
 Y - an amulet of regeneration (around neck)
Wands
 g - a wand of roots (5)
 o - a wand of digging (11)
 B - a wand of flame (10)
 T - a wand of acid (11)
 U - a wand of paralysis (4)
 V - a wand of polymorph (7)
Scrolls
 f - 2 scrolls of blinking
 i - 5 scrolls of magic mapping
 m - 4 scrolls of vulnerability
 q - 5 scrolls of teleportation
 s - a scroll of brand weapon
 v - a scroll of summoning
 x - 2 scrolls of silence
 D - 2 scrolls of noise
 F - 2 scrolls of immolation
 H - 2 scrolls of poison
 I - a scroll of amnesia
 J - a scroll of enchant weapon
 L - a scroll of torment
 M - 4 scrolls of fear
Potions
 d - 4 potions of haste
 h - a potion of magic {unknown}
 l - 5 potions of curing
 n - 5 potions of brilliance
 t - 2 potions of lignification
 u - 4 potions of attraction
 z - 3 potions of might
 A - 2 potions of mutation
 E - 3 potions of cancellation
 G - 3 potions of resistance
 W - 3 potions of ambrosia
Miscellaneous
 O - a phial of floods


   Skills:
 + Level 14.0 Fighting
 + Level 14.5 Short Blades
 - Level 6.0 Armour
 + Level 12.3 Dodging
 + Level 21.0 Stealth
 - Level 2.0 Evocations


You had 15 spell levels left.
You didn't know any spells.
Your spell library contained the following spells:

 Spells                   Type           Power      Damage    Failure   Level
 Apportation              Tloc           0%         N/A       54%         1
 Necrotise                Necr           0%         1d4       54%         1
 Slow                     Hex            0%         N/A       54%         1
 Summon Small Mammal      Summ           0%         N/A       54%         1
 Blink                    Tloc           0%         N/A       67%         2
 Confusing Touch          Hex            0%         N/A       88%         3
 Lesser Beckoning         Tloc           0%         N/A       88%         3
 Vampiric Draining        Necr           0%         2d6       88%         3
 Hailstorm                Conj/Ice       0%         3d3       99%         4
 Ice Form                 Ice/Tmut       0%         N/A       99%         4
 Leda's Liquefaction      Hex/Erth       0%         N/A       99%         4
 Iskenderun's Battlesphe  Conj           0%         2d6       100%        5
 Lee's Rapid Deconstruct  Erth           0%         3d5*      100%        5
 Manifold Assault         Tloc           0%         N/A       100%        5
 Iron Shot                Conj/Erth      0%         9d1       100%        6
 Simulacrum               Ice/Necr       0%         N/A       100%        6
 Statue Form              Tmut/Erth      0%         N/A       100%        6
 Spellforged Servitor     Conj/Summ      0%         N/A       100%        7


Dungeon Overview and Level Annotations

Branches:
Dungeon (13/15)            Temple (1/1) D:4            Lair (5/5) D:8
  Swamp (0/4) Lair:2        Snake (0/4) Lair:3        Slime (0/5) Lair:5
    Orc (2/2) D:10            Elf (0/3) Orc:2
 Vaults: D:13-14

Altars:
Ashenzari
Cheibriados
Dithmenos
Elyvilon
Fedhas
Gozag
Hepliaklqana
Kikubaaqudgha
Makhleb
Nemelex Xobeh
Okawaru
Qazlal
Ru
Sif Muna
Trog
Uskayaw
Vehumet
Wu Jian
Xom
Yredelemnul
Zin
The Shining One
Jiyva

Shops:
D:4 (   D:11 ?   D:12 (   D:13 (   Orc:1 *   Orc:2 [?*[

Portals:
Abyss: Lair:1

Annotations:
D:11 1 exclusion
D:13 exclusion: orange crystal statue
Lair:1 2 transporters, Bukhlaj's ghost, journeyman HOFi


Innate Abilities, Weirdness & Mutations

Your serpentine skin is tough. (AC +5)
You have supernaturally acute eyesight. (SInv)
Armour fits poorly on your strangely shaped body.
Your system is resistant to poisons. (rPois)
You cover ground very slowly.
You can spit poison.
You can use your snake-like lower body to constrict enemies.


Message History

The brown ugly thing completely misses you.
The orc misses you. The orc completely misses you.
The boulder beetle waves its antennae.
The boulder beetle barely misses you.
The brown ugly thing tail-slaps you but does no damage.
The orc closely misses you. x2; The boulder beetle barely misses you.
The brown ugly thing misses you.
You see here 4 poisoned darts.
The orc hits you but does no damage. The orc barely misses you.
The brown ugly thing misses you. The boulder beetle bites you!
The orc misses you. x2
Aiming: Shadow Step
Press: ? - help, Dir - move target, f - orange crystal statue
Aim: an orange crystal statue (umbra)
You step into the orange crystal statue's shadow.
A cyclops and a six-headed hydra come into view.
Found a book of Alchemy, 20 gold pieces and a runed morningstar.
You slash the orange crystal statue! You grab the orange crystal statue.
The orange crystal statue is moderately damaged.
Your shadow hits the orange crystal statue but does no damage.
You constrict the orange crystal statue.
The cyclops shouts!
The six-headed hydra roars!
The boulder beetle curls into a ball and begins rolling!
The orc completely misses you.
You feel yourself speed up.
You constrict the orange crystal statue.
The orc misses you. x2
You slash the orange crystal statue! You burn the orange crystal statue.
The orange crystal statue is heavily damaged.
Your shadow hits the orange crystal statue with a long sword.
You constrict the orange crystal statue, but do no damage.
The brown ugly thing barely misses you.
You slash the orange crystal statue! You burn the orange crystal statue.
The orange crystal statue is severely damaged.
Your shadow hits the orange crystal statue with a long sword!
You constrict the orange crystal statue.
The orc completely misses you. The orc misses you.
The brown ugly thing tail-slaps you but does no damage.
The boulder beetle hits you!!!
You die...

#....# #.......#.....# #....#
#.......#.....# #....#
##.......#.'##### #....#
#~~~~~~~~~~~~~..# #....#
#~###########~..####### #....#
#~#....:$.).#~.........
#....###~#?.$..|.(.#~.........
#.......~#(.C(.D..?#~.........
#....##.~#:..@."$..#~....))...
#!...###~#..Bu8.:.$#~....)....
#....###~#..o○o...!#~##..)....
#......#~#§..°.?[..#~.#....#'#
#....∩.#~#§§§°..?:.#~.#....#..
#......#~#§§(.!..$.#~.#....#..
#.......~#####'#####~.#....#..
#....##.~#####~#####~##...[#..
#....###~~~~~~~~~~~~~.#....#..


You could see a boulder beetle (summoned, rolling), a six-headed hydra, an
orange crystal statue, a brown ugly thing (summoned), a cyclops and 2 orcs.

Vanquished Creatures
  A tengu reaver (D:12)
  2 orc warlords (Orc:2)
  A vampire knight (D:12)
  Nessos (D:12)
  The ghost of LucemDeus the Protected, a journeyman MiFi (D:12)
  2 crystal guardians (D:13)
  Fannar (D:11)
  7 boulder beetles
  3 hydras
  Harold (D:10)
  A merfolk avatar (Lair:5)
  Erica (D:10)
  A catoblepas (Lair:3)
  6 two-headed ogres
  A centaur warrior (D:12)
  An ogre mage (D:12)
  8 death yaks
  3 tengu warriors
  Urug (Lair:5)
  5 orc high priests (Orc:2)
  Nergalle (D:12)
  4 skeletal warriors (D:13)
  2 sea snakes (Lair:5)
  A bog body (Lair:2)
  Pikel (D:9)
  A phantasmal warrior (D:12)
  2 harpies (Lair:5)
  3 deep elf pyromancers (D:12)
  5 orc knights
  4 orc sorcerers (Orc:2)
  A salamander (shapeshifter) (D:10)
  2 cyclopes
  2 oklob plants (Lair:1)
  4 ugly things
  7 manticores
  6 black mambas
  14 elephants
  2 torpor snails
  14 cane toads
  An unseen horror (D:11)
  2 kobold demonologists
  3 rime drakes
  9 komodo dragons
  3 efreet
  A yaktaur (D:10)
  2 tengu conjurers
  2 meliai
  12 trolls
  3 polar bears
  11 blink frogs
  Grinder (D:5)
  3 hornets
  Sigmund (D:1)
  2 spriggans (D:12)
  A vampire (D:11)
  Eustachio (D:6)
  50 yaks
  7 wyverns
  6 basilisks
  A shadow (D:11)
  4 wraiths
  3 steam dragons (Lair:5)
  4 vampire mosquitoes (D:10)
  Menkaure (D:6)
  7 wargs
  3 acid dragons
  18 water moccasins
  Duvessa (D:5)
  46 orc warriors
  An ice beast (D:5)
  3 sky beasts
  5 black bears
  17 ogres
  24 wolves
  4 centaurs
  4 lemures (D:9)
  2 phantoms
  4 kobold brigands
  8 bullfrogs
  6 gnoll sergeants
  4 scorpions
  4 wights (D:9)
  Dowan (D:5)
  13 killer bees
  2 vampire bats (D:10)
  3 electric eels (Lair:4)
  4 howler monkeys
  2 jellies
  2 hounds
  35 orc priests
  Crazy Yiuf (D:2)
  A gnoll bouda (D:5)
  7 iguanas
  Ijyb (D:4)
  Natasha (thrice) (D:3)
  41 orc wizards
  21 gnolls
  10 adders
  A white imp (D:6)
  An ufetubus (D:5)
  A worm (D:2)
  3 dart slugs (D:1)
  119 orcs
  6 bats
  2 bat skeletons (D:10)
  4 bat zombies (D:10)
  7 endoplasms
  A giant cockroach (D:3)
  11 goblins
  9 hobgoblins
  5 jackals
  6 quokkas
  8 ball pythons
  6 frilled lizards
  7 kobolds
  7 rats
770 creatures vanquished.

Vanquished Creatures (others)
  A wyvern (Lair:3)
  An unseen horror simulacrum (D:10)
  2 orc priests (Orc:2)
  A bush (D:8)
  73 fungi
  145 plants
223 creatures vanquished.

Grand Total: 993 creatures vanquished

Notes
Turn   | Place    | Note
-------+----------+-------------------------------------------
     0 | D:1      | Gabide the Naga Monk began the quest for the Orb.
     0 | D:1      | Reached XP level 1. HP: 21/21 MP: 1/1
    88 | D:1      | Reached XP level 2. HP: 28/28 MP: 2/2
   220 | D:1      | Found a faded altar of an unknown god.
   417 | D:1      | Reached XP level 3. HP: 34/34 MP: 3/3
  1078 | D:2      | Noticed Sigmund
  1092 | D:1      | Killed Sigmund
  1093 | D:1      | Reached skill level 5 in Stealth
  1093 | D:1      | Reached XP level 4. HP: 28/44 MP: 4/4
  1093 | D:1      | Reached XP level 5. HP: 32/50 MP: 5/5
  1164 | D:2      | Reached skill level 6 in Stealth
  1384 | D:2      | Reached XP level 6. HP: 45/57 MP: 6/6
  2164 | D:2      | Found a runed translucent door.
  2165 | D:2      | Noticed Crazy Yiuf
  2172 | D:2      | Killed Crazy Yiuf
  2173 | D:2      | Identified the +6 hammer of Amorality {vorpal, Str-2 Dex+5}
  2377 | D:3      | Noticed Natasha
  2386 | D:3      | Killed Natasha
  2694 | D:3      | Found a burning altar of Makhleb.
  2766 | D:3      | Noticed Natasha
  3047 | D:3      | Killed Natasha
  3051 | D:3      | Reached XP level 7. HP: 62/64 MP: 7/7
  3256 | D:3      | Noticed Natasha
  3263 | D:3      | Killed Natasha
  3283 | D:4      | Found Tidedel's Weapon Shoppe.
  3467 | D:4      | Reached skill level 7 in Stealth
  3740 | D:4      | Found a staircase to the Ecumenical Temple.
  3747 | Temple   | Entered the Ecumenical Temple
  3785 | Temple   | Became a worshipper of Dithmenos the Shadowed
  3785 | Temple   | Reached * piety under Dithmenos
  3785 | Temple   | Reached ** piety under Dithmenos
  3947 | D:4      | Noticed Ijyb
  3954 | D:4      | Killed Ijyb
  4215 | D:5      | Entered Level 5 of the Dungeon
  4229 | D:5      | Reached skill level 5 in Short Blades
  4402 | D:5      | Noticed Grinder
  4426 | D:5      | Killed Grinder
  4427 | D:5      | Reached XP level 8. HP: 36/73 MP: 8/8
  4865 | D:5      | Reached skill level 1 in Evocations
  5003 | D:5      | Reached skill level 8 in Stealth
  5169 | D:5      | Noticed Duvessa
  5170 | D:5      | Noticed Dowan
  5187 | D:5      | Killed Duvessa
  5193 | D:4      | Reached skill level 5 in Dodging
  5580 | D:5      | Killed Dowan
  5808 | D:5      | Reached skill level 5 in Fighting
  5857 | D:5      | Reached *** piety under Dithmenos
  5886 | D:5      | Reached skill level 9 in Stealth
  5886 | D:5      | Reached XP level 9. HP: 68/81 MP: 9/9
  5972 | D:5      | Identified the +8 morningstar "Demonslayer" {speed, rElec
                  | rF+ rC+}
  6426 | D:6      | Noticed Menkaure
  6433 | D:6      | Killed Menkaure
  6718 | D:6      | Reached skill level 10 in Stealth
  7013 | D:6      | Noticed Eustachio
  7031 | D:6      | Killed Eustachio
  7870 | D:7      | Reached **** piety under Dithmenos
  7871 | D:7      | Reached XP level 10. HP: 92/92 MP: 10/10
  7877 | D:7      | Reached skill level 11 in Stealth
  8238 | D:7      | Found a shimmering blue altar of Sif Muna.
  8437 | D:8      | Found a staircase to the Lair.
  8570 | D:8      | Reached skill level 12 in Stealth
  9246 | D:8      | Noticed a two-headed ogre
  9248 | D:8      | Killed a two-headed ogre
  9458 | D:8      | Reached XP level 11. HP: 103/103 MP: 11/11
  9655 | D:8      | Found a hazy altar of Hepliaklqana.
  9833 | D:8      | Found a faded altar of an unknown god.
  9866 | D:8      | Found a blossoming altar of Fedhas.
 10130 | D:9      | Reached skill level 13 in Stealth
 10355 | D:9      | Noticed Pikel
 10549 | D:9      | Killed Pikel
 10844 | D:9      | Found a sparkling altar of Nemelex Xobeh.
 11369 | D:9      | Reached ***** piety under Dithmenos
 11560 | D:10     | Entered Level 10 of the Dungeon
 11671 | D:10     | Noticed Harold
 11673 | D:10     | Killed Harold
 11776 | D:10     | Reached skill level 14 in Stealth
 11808 | D:10     | Noticed a tengu warrior
 11813 | D:10     | Noticed a manticore
 11813 | D:10     | a yaktaur changed into a manticore
 11816 | D:10     | Noticed a manticore
 11833 | D:10     | Killed a tengu warrior
 11834 | D:10     | Reached skill level 10 in Short Blades
 11834 | D:10     | Noticed an orc knight
 11838 | D:10     | HP: 4/106 [barbs]
 12588 | Lair:1   | Entered Level 1 of the Lair of Beasts
 12627 | Lair:1   | Noticed a brown ugly thing
 12645 | Lair:1   | Found a transporter.
 12808 | Lair:1   | Reached XP level 12. HP: 50/115 MP: 12/12
 13053 | Lair:1   | Found a broken altar of Ashenzari.
 13560 | Lair:1   | Found a blossoming altar of Fedhas.
 13566 | Lair:1   | Reached skill level 15 in Stealth
 13836 | Lair:1   | Noticed a sun demon
 13844 | Lair:1   | Found a one-way gate to the infinite horrors of the Abyss.
 13871 | Lair:1   | Found a transporter.
 13969 | Lair:1   | Noticed Bukhlaj's ghost (journeyman HOFi)
 14132 | Lair:2   | Noticed a death yak
 14132 | Lair:2   | Noticed a death yak
 14133 | Lair:2   | Noticed a death yak
 14149 | Lair:2   | Killed a death yak
 14162 | Lair:2   | Killed a death yak
 14163 | Lair:2   | Reached skill level 10 in Fighting
 14263 | Lair:2   | Noticed a death yak
 14281 | Lair:2   | Killed a death yak
 14283 | Lair:2   | Noticed a death yak
 14298 | Lair:2   | Killed a death yak
 14308 | Lair:2   | Killed a death yak
 14802 | Lair:2   | Found a staircase to the Swamp.
 15040 | Lair:2   | Reached skill level 16 in Stealth
 15370 | Lair:2   | Noticed a boulder beetle
 15420 | Lair:2   | Killed a boulder beetle
 15830 | Lair:3   | Noticed a death yak
 15830 | Lair:3   | Noticed a death yak
 15832 | Lair:3   | Noticed a death yak
 16210 | Lair:3   | Killed a death yak
 16211 | Lair:3   | Gained mutation: You can use your snake-like lower body to
                  | constrict enemies. [Naga growth]
 16211 | Lair:3   | Reached XP level 13. HP: 126/126 MP: 13/13
 16824 | Lair:3   | Found a staircase to the Snake Pit.
 16843 | Lair:3   | Reached skill level 17 in Stealth
 17153 | Lair:3   | Reached skill level 10 in Dodging
 19291 | Lair:5   | Entered Level 5 of the Lair of Beasts
 19374 | Lair:5   | Reached skill level 18 in Stealth
 19425 | Lair:4   | Reached ****** piety under Dithmenos
 20005 | Lair:4   | Reached XP level 14. HP: 111/138 MP: 14/14
 20966 | Lair:5   | Noticed Urug
 20977 | Lair:5   | Killed Urug
 21092 | Lair:5   | Reached skill level 19 in Stealth
 21206 | Lair:5   | Identified the +0 scale mail of Wenedod {rPois rF+}
 21453 | Lair:5   | Found a viscous altar of Jiyva.
 21453 | Lair:5   | Found a staircase to the Slime Pits.
 22420 | D:10     | Found a staircase to the Orcish Mines.
 22533 | D:10     | Noticed Erica
 22538 | D:10     | Killed Erica
 22539 | D:10     | Reached skill level 1 in Armour
 22661 | D:10     | Found a hide-covered altar of Uskayaw.
 22729 | D:10     | Found a glowing golden altar of the Shining One.
 22781 | D:10     | Found an ancient bone altar of Kikubaaqudgha.
 23261 | D:11     | Found Qoin's Magic Scroll Boutique.
 23267 | D:11     | Bought a scroll of identify for 28 gold pieces
 23267 | D:11     | Bought a scroll of identify for 28 gold pieces
 23267 | D:11     | Bought a scroll of identify for 28 gold pieces
 23267 | D:11     | Bought a scroll of brand weapon for 133 gold pieces
 23268 | D:11     | Identified a scroll of acquirement
 23269 | D:11     | Acquired the +3 barding "Ussilo" {rC- rN+++ Str+3 Int-4}
 23662 | D:12     | Found a runed translucent door.
 23664 | D:12     | Noticed LucemDeus's ghost (journeyman MiFi)
 23672 | D:12     | Identified the +11 trident of Boajaimump {vorpal, rElec
                  | Stlth+}
 23690 | D:12     | Killed LucemDeus's ghost
 23691 | D:12     | Reached XP level 15. HP: 77/147 MP: 15/15
 23701 | D:12     | Noticed Fannar
 23772 | D:11     | Killed Fannar
 24095 | D:12     | Noticed Nergalle
 24103 | D:12     | Killed Nergalle
 24217 | D:12     | Found Puresk's Weapon Shop.
 24360 | D:12     | Identified the +8 long sword "Ciheunky" {flame, Fly rC+}
 24360 | D:12     | Identified the +2 robe of Qeaxol {Archmagi}
 24443 | D:12     | Reached skill level 20 in Stealth
 24518 | D:12     | Noticed a tengu reaver
 24643 | Orc:1    | Entered Level 1 of the Orcish Mines
 24711 | Orc:1    | Found Ybulof's Assorted Antiques.
 24726 | Orc:1    | Bought an obsidian-encrusted ring mail for 297 gold pieces
 24726 | Orc:1    | Identified the +3 ring mail "Tionakhle" {rC+ Slay+5} (You
                  | bought it in a shop on level 1 of the Orcish Mines)
 25333 | Orc:2    | Entered Level 2 of the Orcish Mines
 25715 | Orc:2    | Paralysed by an orc sorcerer for 5 turns
 25815 | Orc:2    | Found Huetu's Armour Boutique.
 25862 | Orc:2    | Found Rafadgh's Assorted Antiques.
 25997 | Orc:2    | Noticed an orc warlord
 26000 | Orc:2    | Killed an orc warlord
 26155 | Orc:2    | Found a staircase to the Elven Halls.
 26211 | Orc:2    | Reached skill level 5 in Armour
 26502 | Orc:2    | Noticed an orc warlord
 26530 | Orc:2    | Killed an orc warlord
 26806 | Orc:2    | Found Volyts's Antique Armour Emporium.
 26831 | Orc:2    | Bought a translucent helmet for 256 gold pieces
 26831 | Orc:2    | Identified the +0 helmet "Zaugyunta" {Dex+2} (You bought it
                  | in a shop on level 2 of the Orcish Mines)
 26851 | Orc:2    | Found Nutozith's Magic Scroll Shop.
 26877 | Orc:2    | Bought a scroll of teleportation for 45 gold pieces
 26877 | Orc:2    | Bought a scroll of teleportation for 45 gold pieces
 27014 | Orc:2    | Bought the +3 hat of Pondering {ponderous, Will+ MP+10
                  | Int+5} for 990 gold pieces
 27014 | Orc:2    | Found the +3 hat of Pondering {ponderous, Will+ MP+10
                  | Int+5}
 27276 | D:12     | Noticed Nessos
 27284 | D:12     | Killed Nessos
 27384 | D:12     | Paralysed by a vampire knight for 2 turns
 27477 | D:12     | Killed a tengu reaver
 27478 | D:12     | Reached XP level 16. HP: 122/158 MP: 16/16
 27998 | D:13     | Found Pufergh's Weapon Shoppe.
 28031 | D:13     | Found a runed translucent door.
 28061 | D:13     | Reached skill level 21 in Stealth
 28082 | D:13     | Slain by a boulder beetle

Illustrated notes

Levels and vault maps discovered:
D:1:      dpeg_arrival_arbitrary_b, layout_loops_cross, basic_ecumenical_altar
D:2:      minmay_recursive_quarters, layout_rooms, minmay_surrounded,
          uniq_sigmund, uniq_crazy_yiuf_cottage
D:3:      layout_rooms, lightli_temple_of_fire, nicolae_elevator_lobby_plus,
          uniq_natasha
D:4:      layout_loops_cross, minmay_temple_entry_hall, serial_shops,
          nicolae_shop_trees, uniq_ijyb
D:5:      layout_basic, minmay_increasing_density, uniq_duvessa, uniq_grinder
D:6:      layout_basic, uniq_menkaure, uniq_eustachio
D:7:      layout_loops_ring, marbit_many_paths
D:8:      layout_loops_ring, beargit_hepliaklqana_dungeon_heroes,
          fedhas_altar_decomposition, minmay_lair_entry_grove,
          lightli_orcish_oven
D:9:      layout_long_grid, nemelex_diamond_rough_becter, uniq_pikel
D:10:     minmay_the_grid_triangle_9x9_rhombus_full
          [minmay_the_grid_triangle_9x9_swiss_cheese,
          minmay_the_grid_triangle_9x9_zippers_horizontal,
          minmay_the_grid_triangle_9x9_corruption,
          minmay_the_grid_triangle_9x9_stretched_checkered,
          minmay_the_grid_triangle_9x9_intruding_spiral,
          minmay_the_grid_triangle_9x9_sprig,
          minmay_the_grid_triangle_9x9_steps,
          minmay_the_grid_triangle_9x9_prize_top_heavy], layout_stronghold,
          general_overflow_altar, dancing_weapons_uskayaw,
          kennysheep_vampire_church, kennysheep_orc_monster_closet_entryway,
          chequers_serial_rivers_micro_d, uniq_erica, uniq_harold
D:11:     layout_loops_ring, serial_shops, nicolae_shop_stone
D:12:     evilmike_diamond_1, layout_long_grid, serial_shops,
          nicolae_square_shop, ebering_ghost_funeral_grove, uniq_nessos,
          uniq_nergalle, uniq_fannar
D:13:     layout_gridville, skrybe_vaults_entry_preservation, serial_shops,
          shop_coins, corner_web_ring, minmay_crystal_box
Temple:   nicolae_temple_great_sept
Lair:1:   layout_big_grid, basic_altar, gammafunk_ghost_abyssal_escape,
          hangedman_tree_tricks, grunt_megastairs_5
Lair:2:   layout_regular_city, skrybe_swamp_entry_bodies,
          infiniplex_staircase_pool_2
Lair:3:   layout_cave_pods, minmay_snake_entry_six_corridors, grunt_megastairs_4
Lair:4:   layout_small_grid, serial_bayou, serial_bayou_pond_b,
          serial_bayou_shore_b, serial_bayou_lagoon_a, serial_bayou_lake_a,
          serial_bayou_ford_a
Lair:5:   gammafunk_lair_ancient_temple, layout_regular_city,
          dpeg_slime_entry_enclosed, uniq_urug
Orc:1:    layout_diamond_mine, serial_shops, shop_fountains
Orc:2:    pubby_orc_utopia

Skill      XL: |  1  2  3  4  5  6  7  8  9 10 11 12 13 14 15 16 |
---------------+-------------------------------------------------+-----
Dodging        | 3 4 5 6 7 8 9 10 11 12 | 12.3
Stealth        | 5 6 7 9 10 12 14 16 18 19 20 21 | 21.0
Short Blades   | 4 5 6 7 9 10 11 12 13 14 | 14.5
Fighting       | 4 5 6 8 9 10 12 13 14 | 14.0
Evocations     | 2 |  2.0
Armour         | 2 5 6 |  6.0

Action                   |  1- 3 |  4- 6 |  7- 9 | 10-12 | 13-15 | 16-18 || total
-------------------------+-------+-------+-------+-------+-------+-------++-------
Melee: Short sword       |    79 |   149 |   423 |   899 |   681 |     6 ||  2237
       Punch             |     1 |     3 |    12 |    14 |    23 |     2 ||    55
       Morningstar       |       |       |    16 |       |     2 |       ||    18
       Scimitar          |       |       |       |    22 |    89 |       ||   111
       Constrict         |       |       |       |       |   257 |    11 ||   268
       Double sword      |       |       |       |       |   289 |       ||   289
       Long sword        |       |       |       |       |   402 |    57 ||   459
Throw: Dart              |       |       |       |     7 |     4 |       ||    11
       Throwing net      |       |       |       |     1 |       |       ||     1
Invok: Shadow Step       |       |       |       |       |     2 |     1 ||     3
 Abil: Spit Poison       |     7 |    16 |    17 |    34 |     9 |       ||    83
Evoke: Wand              |       |       |     4 |     3 |     4 |       ||    11
  Use: Potion            |     1 |       |       |     6 |     5 |     1 ||    13
       Scroll            |       |       |    10 |    12 |    18 |       ||    40
 Stab: Sleeping          |     9 |     5 |    15 |    35 |    59 |     5 ||   128
       Distracted        |       |       |     2 |     2 |     7 |     1 ||    12
       Petrified         |       |       |       |       |     2 |       ||     2
Armor: Robe              |    21 |    85 |   125 |   215 |   178 |       ||   624
       Troll leather arm |       |       |       |       |   115 |       ||   115
       Steam dragon scal |       |       |       |       |    29 |       ||    29
       Ring mail         |       |       |       |       |   171 |    45 ||   216
Dodge: Dodged            |    32 |   138 |   400 |   773 |  1709 |   101 ||  3153
